 Dungeon Crawl Stone Soup version 0.26-a0-812-g31a745ddcd (webtiles) character file.

Game seed: 10243726475685440433

28 kae the Ruffian (level 2, -1/23 HPs)
             Began as a Draconian Transmuter on Nov 27, 2020.
             Slain by an ufetubus (4 damage)
             ... on level 1 of the Dungeon.
             The game lasted 00:00:32 (1686 turns).

kae the Ruffian (Draconian Transmuter)              Turns: 1686, Time: 00:00:32

Health: -1/23      AC:  4    Str: 12    XL:     2   Next: 96%
Magic:  4/5        EV: 12    Int: 13    God:
Gold:   37         SH:  0    Dex: 11    Spells: 4/5 levels left

rFire    . . .     SeeInvis .   c - +0 whip
rCold    . . .     Faith    .   (no shield)
rNeg     . . .     Spirit   .   (armour unavailable)
rPois    .         Reflect  .   (helmet currently unavailable)
rElec    .         Harm     .   (no cloak)
rCorr    .         Rampage  .   (no gloves)
MR       .....                  (boots currently unavailable)
Stlth    +.........             (no amulet)
HPRegen  0.07/turn              (no ring)
MPRegen  0.09/turn              (no ring)

@: appendages (expiring)
A: unfitting armour, horns 2, talons 2, cold-blooded, AC +4
a: End Transformation


You were on level 1 of the Dungeon.
You had grown temporary horns.
You had grown temporary talons.
You visited 1 branch of the dungeon, and saw 2 of its levels.

You collected 37 gold pieces.

Inventory:

Hand Weapons
 c - a +0 whip (weapon)
Jewellery
 d - an uncursed ring of protection from cold {unknown}
 e - an uncursed ring of flight {unknown}
 f - an uncursed amulet of the acrobat {unknown}
Scrolls
 b - a scroll of teleportation {unknown}
Potions
 a - a potion of heal wounds {unknown}


   Skills:
 + Level 1.3 Fighting
 + Level 2.0 Dodging
 * Level 3.3 Unarmed Combat
 + Level 2.1 Spellcasting
 * Level 2.6 Transmutations


You had 4 spell levels left.
You knew the following spells:

 Your Spells              Type           Power        Failure   Level
a - Beastly Appendage     Tmut           #.....       9%          1

Your spell library contained the following spells:

 Spells                   Type           Power        Failure   Level
 Wereblood                Tmut           #.......     13%         2
 Spider Form              Tmut/Pois      #.........   41%         3
 Ice Form                 Ice/Tmut       #.......     82%         4
 Blade Hands              Tmut           #.........   93%         5


Dungeon Overview and Level Annotations

Branches:
Dungeon (2/15)

Altars:


Innate Abilities, Weirdness & Mutations

Your plain brown scales are hard. (AC +4)
You cannot fit into any form of body armour.
You are cold-blooded and may be slowed by cold attacks.
You have a pair of horns on your head.
You have razor-sharp toenails.


Message History

The ufetubus barely misses you. The ufetubus hits you.
Things that are here:
a +0 club; a hobgoblin corpse; a goblin corpse
Casting: Beastly Appendage (safe; 9% risk of failure)
Confirm with . or Enter, or press ? or * to list all spells.
You grow a pair of large bovine horns.
Your feet morph into talons.
The ufetubus hits you but does no damage. x3
The ufetubus closely misses you. The ufetubus hits you. x2
You hit the ufetubus but do no damage.
Your tail-slap misses the ufetubus.
Your transformation is almost over.
The ufetubus hits you. The ufetubus barely misses you. The ufetubus hits you.
* * * LOW HITPOINT WARNING * * *
The ufetubus hits you but does no damage.
You closely miss the ufetubus.
Your tail-slap misses the ufetubus.
The ufetubus hits you.
* * * LOW HITPOINT WARNING * * *
The ufetubus hits you but does no damage.
The ufetubus hits you.
You die...

#####....#............#.##
#.....................
#.....................
#....#.#.....##.######
#...........#...######
##>....................
#....................##
###.######.####......#
#.g5@..#.#.........#
######.#.#.##......#
###.#...........##
#.......#.........
#.#.#.#.#.......#.
#.#...#...#.....#.
#.##########.##.#.
#.....##........#.
########.####.###.


You could see an ufetubus and a hobgoblin.

Vanquished Creatures
  A leopard gecko (D:1)
  4 hobgoblins (D:1)
  8 jackals (D:1)
  A bat (D:1)
  2 goblins (D:1)
  5 kobolds (D:1)
  2 rats (D:1)
23 creatures vanquished.

Notes
Turn   | Place    | Note
-------+----------+-------------------------------------------
     0 | D:1      | kae the Draconian Transmuter began the quest for the Orb.
     0 | D:1      | Reached XP level 1. HP: 16/16 MP: 3/3
   572 | D:1      | Reached XP level 2. HP: 23/23 MP: 5/5
  1686 | D:1      | Slain by an ufetubus

Illustrated notes

Levels and vault maps discovered:
D:1:      dpeg_arrival_erosion, layout_basic
D:2:      layout_rooms, nicolae_gozag_cash_rules_everything_around_me

Skill      XL: |  1  2 |
---------------+-------+-----
Dodging        | 2 |  2.0
Fighting       | |  1.3
Unarmed Combat | |  3.3
Spellcasting   | |  2.1
Transmutations | |  2.6

Action                   || total
-------------------------++-------
Melee: Unarmed           ||    22
       Whip              ||    61
       Headbutt          ||     6
       Kick              ||    12
       Tailslap          ||     2
       Punch             ||     1
 Cast: Beastly Appendage ||    16
Armor: Skin              ||    32
Dodge: Dodged            ||    81

Table legend: (Time is in decaauts)
 A = Elapsed time spent in this place.
 B = Non-inter-level travel time spent in this place.
 C = Inter-level travel time spent in this place.
 D = Time resting spent in this place.
 E = Time spent auto-exploring this place.
 F = Levels seen in this place.
 G = Mean time per level.
                   A        B        C        D        E       F      G
               +--------+--------+--------+--------+--------+-----+--------+
         Total |   1691 |   1674 |     17 |      0 |   1486 |   2 |  845.5 |
       Dungeon |   1691 |   1674 |     17 |      0 |   1486 |   2 |  845.5 |
               +--------+--------+--------+--------+--------+-----+--------+

Top non-repeatable levels by time:
     D:1: 1678 daAuts
     D:2: 12 daAuts
